 Dungeon Crawl Stone Soup version 0.31-a0-662-g684573625c (webtiles) character file.

Game seed: 11318761450649865003

3422 jlumianski the Chopper (level 9, -1/71 HPs)
             Began as a Demonspawn Fighter on Sept 2, 2023.
             Was an Elder of Okawaru.
             Slain by an orc
             ... wielding a +0 war axe
              (6 damage)
             ... on level 7 of the Dungeon.
             The game lasted 00:28:04 (6311 turns).

jlumianski the Chopper (Demonspawn Fighter)         Turns: 6311, Time: 00:28:07

Health: -1/71      AC: 11    Str: 26    XL:     9   Next: 76%
Magic:  13/13      EV:  8    Int: 10    God:    Okawaru [****..]
Gold:   426        SH:  5    Dex: 13    Spells: 8/8 levels left

rFire   . . .        D - +6 hand axe (flame)
rCold   . . .        c - +0 buckler
rNeg    . . .        G - +0 chain mail
rPois   .            (helmet restricted)
rElec   .            L - scarf {shadows}
rCorr   .            e - +0 pair of gloves
SInv    .            (no boots)
Will    .....        (no amulet) Stlth
                     T - +6 ring of strength
HPRegen 0.31/turn    u - +4 ring of slaying
MPRegen 0.13/turn

%: no passive effects
@: mighty, slowed, very slow
A: antennae 1, claws 1, hooves 1, powered by pain 1, demonic magic 1
a: Renounce Religion, Heroism, Finesse


You were on level 7 of the Dungeon.
You worshipped Okawaru.
Okawaru was greatly pleased with you.
You visited 2 branches of the dungeon, and saw 9 of its levels.
You also visited: Ossuary.

You collected 426 gold pieces.

Inventory:

Hand Weapons
 a - a +0 war axe
 C - a +2 dagger of speed
 D - a +6 hand axe of flaming (weapon)
 E - a +1 dagger of draining
 I - a +7 flail
Missiles
 l - 81 stones
 s - 24 poisoned darts (quivered)
 U - 2 javelins
Armour
 b - a +0 scale mail
 c - a +0 buckler (worn)
 e - a +0 pair of gloves (worn)
 G - a +0 chain mail (worn)
 H - a +0 pair of boots
 L - a scarf of shadows (worn)
Magical Staves
 w - a staff of conjuration
 x - a staff of death
Jewellery
 h - a ring of positive energy
 u - a +4 ring of slaying (right hand)
 T - a +6 ring of strength (left hand)
 V - a ring of ice
Talismans
 q - a serpent talisman
 r - a maw talisman
 B - a serpent talisman
Wands
 y - a wand of quicksilver (13)
 F - a wand of flame (11)
 J - a wand of polymorph (9)
 K - a wand of iceblast (6)
Scrolls
 f - 3 scrolls of blinking
 i - a scroll of enchant weapon
 k - a scroll of amnesia {unknown}
 n - 3 scrolls of torment
 A - a scroll of fear
 M - 2 scrolls of enchant armour {unknown}
 N - a scroll of butterflies {unknown}
 Q - a scroll of vulnerability {unknown}
 S - a scroll of immolation {unknown}
 W - a scroll of brand weapon {unknown}
 X - a scroll of teleportation {unknown}
Potions
 d - 2 potions of might
 g - a potion of haste
 j - 5 potions of curing
 m - 2 potions of attraction
 o - a potion of mutation
 p - 2 potions of ambrosia
 t - a potion of degeneration
 v - 3 potions of heal wounds
 P - a potion of resistance
 R - a potion of berserk rage {unknown}


   Skills:
 * Level 6.6 Fighting
 + Level 7.9 Axes
 + Level 6.2 Armour
 * Level 2.6 Stealth
 * Level 4.5 Shields
 * Level 6.3 Invocations
 + Level 0.7 Evocations


You had 8 spell levels left.
You didn't know any spells.
Your spell library contained the following spells:

 Spells                   Type           Power      Damage    Failure   Level
 Apportation              Tloc           0%         N/A       90%         1
 Alistair's Intoxication  Tmut/Pois      0%         N/A       100%        5
 Summon Small Mammal      Summ           Unusable   N/A       N/A         1
 Call Canine Familiar     Summ           Unusable   N/A       N/A         3
 Summon Guardian Golem    Hex/Summ       Unusable   N/A       N/A         3

Dungeon Overview and Level Annotations

Branches:
Dungeon (8/15)             Temple (1/1) D:5         Ossuary (visited)
   Lair: D:8-11

Altars:
Ashenzari
Cheibriados
Dithmenos
Fedhas
Gozag
Makhleb
Nemelex Xobeh
Okawaru
Qazlal
Ru
Sif Muna
Trog
Vehumet
Wu Jian
Xom
Yredelemnul


Innate Abilities, Weirdness & Mutations

You have a pair of small antennae on your head.
You have sharp fingernails.
You have large cloven feet.
You sometimes gain a little power by taking damage.
Spells you cast may paralyse adjacent enemies.


Message History

You are no longer poisoned.
There is a stone staircase leading up here.
You slash the hornet! You burn the hornet.
The hornet is heavily wounded.
You block the hornet's attack. The hornet stings you!
You feel yourself slow down.
An orc comes into view. It is wielding a +0 war axe.
You feel better.
The orc shouts!
The hornet misses you. The hornet completely misses you.
You feel yourself speed up. The hornet barely misses you.
The hornet stings you!
You suddenly lose the ability to move!
You stop ascending the stairs.
The hornet completely misses you. The hornet stings you.
You shrug off the repeated paralysis!
The orc hits you but does no damage.
You can move again.
Unknown command.
Unknown command.
The hornet stings you.
* * * LOW HITPOINT WARNING * * *
You are poisoned.
You feel yourself slow down. The orc hits you with a +0 war axe.
* * * LOW HITPOINT WARNING * * *
The orc misses you.
You climb upwards.
You feel very sick.
There is a stone staircase leading down here.
You feel better.
You feel yourself speed up.
The hornet stings you but does no damage. x2
The orc hits you with a +0 war axe!
* * * LOW HITPOINT WARNING * * *
You miss the hornet.
The hornet is heavily wounded.
You hit the orc. You burn the orc. The hornet stings you!
* * * LOW HITPOINT WARNING * * *
You focus on the pain.
You feel very mighty all of a sudden.
You feel yourself slow down. The orc hits you with a +0 war axe.
You die...

#<.#
#....#
#.#..#
#.#
#.....
#.# #
#####
#.# #.#
#.####.#
#.....o#
......@#
#.####y#
#.# #.#
#.# #.#
#.#


You could see a hornet and an orc.

Vanquished Creatures
  A steam dragon (D:7)
  2 water moccasins
  An orc warrior (D:7)
  A sky beast (D:8)
  3 ogres
  A centaur (D:8)
  Blork the orc (D:5)
  2 kobold brigands
  3 bullfrogs
  2 wyvern zombies (Ossuary)
  4 water moccasin zombies (Ossuary)
  6 wights
  3 howler monkeys (D:8)
  3 electric eels (D:5)
  6 centaur zombies (Ossuary)
  A hound (D:4)
  6 bullfrog zombies (Ossuary)
  3 jellies
  2 orc priests
  A gnoll bouda (D:4)
  4 iguanas
  3 orc wizards
  A killer bee zombie (Ossuary)
  11 mummies (Ossuary)
  2 howler monkey zombies (Ossuary)
  Robin (D:5)
  7 gnolls (D:4)
  6 adders
  2 shadow imps
  A white imp (D:7)
  2 ufetubi
  2 worms
  3 dart slugs
  28 orcs
  5 endoplasms
  A giant cockroach (D:4)
  12 goblins
  9 hobgoblins
  A jackal (D:3)
  11 kobolds
  4 quokkas
  9 ball pythons
  A bat (D:1)
  5 frilled lizards
  A rat (D:2)
184 creatures vanquished.

Notes
Turn   | Place    | Note
-------+----------+-------------------------------------------
     0 | D:1      | jlumianski the Demonspawn Fighter began the quest for the
                  | Orb.
     0 | D:1      | Reached XP level 1. HP: 18/18 MP: 1/1
   230 | D:1      | Reached skill level 2 in Axes
   230 | D:1      | Discovered your monstrous ancestry.
   230 | D:1      | Gained mutation: You have a pair of small antennae on your
                  | head. [demonic ancestry]
   230 | D:1      | Reached XP level 2. HP: 24/24 MP: 2/2
   991 | D:2      | Gained mutation: You have large cloven feet. [demonic
                  | ancestry]
   991 | D:2      | Reached XP level 3. HP: 22/29 MP: 3/3
  1440 | D:3      | Found an ornate altar of the Wu Jian Council.
  1559 | D:3      | Reached XP level 4. HP: 36/36 MP: 4/4
  1635 | D:4      | Noticed an ogre
  1654 | D:3      | Killed an ogre
  1655 | D:3      | Reached skill level 3 in Axes
  1655 | D:3      | Reached XP level 5. HP: 28/42 MP: 5/5
  2180 | D:5      | Entered Level 5 of the Dungeon
  2231 | D:5      | Found a radiant altar of Vehumet.
  2241 | D:5      | Found a staircase to the Ecumenical Temple.
  2248 | D:5      | Found a basalt altar of Yredelemnul.
  2253 | Temple   | Entered the Ecumenical Temple
  2316 | Temple   | Became a worshipper of Warmaster Okawaru
  2404 | D:5      | Found a transporter.
  2455 | D:5      | Reached skill level 4 in Axes
  2505 | D:4      | Noticed Robin
  2535 | D:5      | Killed Robin
  2568 | D:4      | Gained mutation: You sometimes gain a little power by
                  | taking damage. [demonic ancestry]
  2568 | D:4      | Reached XP level 6. HP: 47/48 MP: 6/6
  2886 | D:4      | Reached * piety under Okawaru
  3250 | D:5      | Reached skill level 5 in Axes
  3250 | D:5      | Reached skill level 1 in Invocations
  3380 | D:5      | Found a transporter.
  3405 | D:5      | Reached XP level 7. HP: 48/55 MP: 6/8
  3599 | D:5      | Noticed Blork the orc
  3609 | D:5      | Killed Blork the orc
  4120 | D:5      | Reached ** piety under Okawaru
  4620 | D:6      | Gained mutation: Spells you cast may paralyse adjacent
                  | enemies. [demonic ancestry]
  4620 | D:6      | Reached XP level 8. HP: 61/61 MP: 10/10
  4667 | D:6      | Reached skill level 5 in Fighting
  4746 | D:6      | Reached skill level 6 in Axes
  5229 | D:7      | Reached skill level 5 in Armour
  5451 | D:7      | Found a broken altar of Ashenzari.
  5676 | D:8      | Found a sand-covered staircase.
  5681 | Ossuary  | Entered an ossuary
  5711 | Ossuary  | Reached skill level 5 in Invocations
  5733 | Ossuary  | Reached *** piety under Okawaru
  5768 | Ossuary  | Gained mutation: You have sharp fingernails. [demonic
                  | ancestry]
  5768 | Ossuary  | Reached XP level 9. HP: 61/69 MP: 12/12
  5778 | Ossuary  | Reached skill level 7 in Axes
  5791 | Ossuary  | Reached skill level 1 in Stealth
  5942 | Ossuary  | Received a gift from Okawaru
  6219 | D:8      | Reached **** piety under Okawaru
  6306 | D:8      | Paralysed by a hornet for 2 turns
  6311 | D:7      | Slain by an orc

Illustrated notes

Levels and vault maps discovered:
D:1:      dpeg_arrival_tiny_a, layout_loops_cross, minivault_23, minivault_26,
          minmay_misc_feat_hallway
D:2:      layout_rooms
D:3:      layout_loops_ring, old_standard_altar, hangedman_decor_points,
          chequers_serial_rivers_marsh, st_stairs_11
D:4:      layout_loops_cross, uniq_robin
D:5:      gammafunk_steamed_eel, layout_gridville, yredelemnul_altar_generic,
          mainiacjoe_overflow_tiny_flanked, temple_statues,
          minmay_misc_feat_rugged, uniq_blork_the_orc
D:6:      layout_cave_pods
D:7:      minmay_evil_eye, layout_basic, overflow_temple_1_default,
          lemuel_tele_altar, uniq_menkaure
D:8:      layout_loops_corners, chequers_temple_overflow_statue_of_worship,
          enter_ossuary_5, gammafunk_ghost_stat_death, minmay_alternating_orb
Temple:   hellmonk_temple_of_storms

Skill      XL: |  1  2  3  4  5  6  7  8  9 |
---------------+----------------------------+-----
Axes           | 2 3 4 5 6 7 |  7.9
Armour         | 3 4 5 6 |  6.2
Shields        | 3 4 |  4.5
Fighting       | 4 5 6 |  6.6
Invocations    | 1 3 5 6 |  6.3
Stealth        | 2 |  2.6
Evocations     | |  0.7

Action                     |  1- 3 |  4- 6 |  7- 9 || total
---------------------------+-------+-------+-------++-------
  Melee: War axe           |   111 |   103 |    20 ||   234
         Kick              |     4 |    21 |    75 ||   100
         Hand axe          |       |       |   209 ||   209
  Throw: Dart              |     3 |     5 |    16 ||    24
 Invoke: Heroism           |       |       |     2 ||     2
  Evoke: Wand              |       |     2 |     3 ||     5
    Use: Scroll            |     5 |     4 |     4 ||    13
         Potion            |     1 |     2 |     3 ||     6
 Armour: Scale mail        |    90 |    89 |    59 ||   238
         Chain mail        |       |       |   150 ||   150
  Dodge: Dodged            |    56 |    60 |    86 ||   202
  Block: Buckler           |    17 |    26 |    40 ||    83

Table legend: (Time is in decaauts)
 A = Elapsed time spent in this place.
 B = Non-inter-level travel time spent in this place.
 C = Inter-level travel time spent in this place.
 D = Time resting spent in this place.
 E = Time spent auto-exploring this place.
 F = Levels seen in this place.
 G = Mean time per level.
                   A        B        C        D        E       F      G
               +--------+--------+--------+--------+--------+-----+--------+
         Total |   6394 |   6305 |     89 |    365 |   3268 |  10 |  639.4 |
       Dungeon |   5801 |   5712 |     89 |    365 |   3224 |   8 |  725.1 |
        Temple |    114 |    114 |      0 |      0 |      0 |   1 |  114.0 |
       Ossuary |    477 |    477 |      0 |      0 |     44 |   1 |  477.0 |
               +--------+--------+--------+--------+--------+-----+--------+

Top non-repeatable levels by time:
     D:5: 1359 daAuts
     D:6: 892 daAuts
     D:1: 859 daAuts
     D:4: 770 daAuts
     D:3: 761 daAuts
     D:2: 506 daAuts
 Ossuary: 477 daAuts
     D:7: 422 daAuts
     D:8: 229 daAuts
  Temple: 114 daAuts
